 Dungeon Crawl Stone Soup version 0.28-a0-1594-ga885d4b3d6 (webtiles) character file.

Game seed: 2138360448810592049

247 kae the Ruffian (level 5, 0/41 HPs)
             Began as a Draconian Transmuter on Jan 20, 2022.
             Slain by an orc (2 damage)
             ... on level 3 of the Dungeon.
             The game lasted 00:03:30 (5012 turns).

kae the Ruffian (Draconian Transmuter)              Turns: 5012, Time: 00:03:31

Health: 0/41       AC:  2    Str:  9    XL:     5   Next: 85%
Magic:  8/9        EV: 19    Int: 15    God:
Gold:   148        SH:  0    Dex: 16    Spells: 5/9 levels left

rFire   . . .      SeeInvis .     - Unarmed
rCold   . . .      Faith    .   (shield currently unavailable)
rNeg    . . .      Spirit   .   (armour unavailable)
rPois   x          Reflect  .   (helmet currently unavailable)
rElec   .          Harm     .   (cloak currently unavailable)
rCorr   .          Rampage  .   (gloves currently unavailable)
Will    .....                   (boots currently unavailable)
Stlth   +.........              (no amulet)
HPRegen 0.13/turn               (no ring)
MPRegen 0.11/turn               (no ring)

@: spider-form (expiring)
A: venomous fangs, AC +5, tiny, unfitting armour, (cold-blooded), (fire
resistance 1), high mp 1, weak 2
a: End Transformation


You were on level 3 of the Dungeon.
You were a venomous arachnid creature.
You visited 1 branch of the dungeon, and saw 4 of its levels.

You collected 148 gold pieces.

Inventory:

Armour
 b - a +0 cloak (melded)
 i - a +2 pair of boots (melded)
Wands
 c - a wand of polymorph (10)
 g - a wand of paralysis (10)
Scrolls
 a - a scroll of fear
 d - a scroll of teleportation
 h - 2 scrolls of magic mapping
Potions
 e - a potion of degeneration {unknown}
 f - a potion of might {unknown}
 j - a potion of lignification {unknown}


   Skills:
 + Level 2.2 Fighting
 + Level 2.4 Dodging
 * Level 4.2 Unarmed Combat
 + Level 2.6 Spellcasting
 * Level 3.5 Transmutations
 - Level 2.0 Poison Magic


You had 5 spell levels left.
You knew the following spells:

 Your Spells              Type           Power      Damage    Failure   Level
a - Beastly Appendage     Tmut           24%        N/A       14%         1
b - Spider Form           Tmut/Pois      10%        N/A       41%         3

Your spell library contained the following spells:

 Spells                   Type           Power      Damage    Failure   Level
 Wereblood                Tmut           12%        N/A       21%         2
 Passwall                 Tmut/Erth      5%         N/A       34%         2
 Sandblast                Erth           2%         2d4       43%         1
 Dazzling Flash           Conj/Hex       2%         N/A       75%         3
 Stone Arrow              Conj/Erth      2%         3d7       75%         3
 Ice Form                 Ice/Tmut       7%         N/A       87%         4
 Agony                    Necr           1%         N/A       100%        5
 Silence                  Hex/Air        0%         N/A       100%        5


Dungeon Overview and Level Annotations

Branches:
Dungeon (4/15)
 Temple: D:4-7

Altars:
Qazlal


Innate Abilities, Weirdness & Mutations

You are a venomous arachnid creature.
You have poisonous fangs.
You are tiny and dextrous.
Your spellcasting is less reliable in this form.
Your armour is entirely melded.
You are incapable of wielding weapons or throwing items.
((Your plain brown scales are hard. (AC +5)))
You cannot fit into any form of body armour.
((You are cold-blooded and may be slowed by cold attacks.))
((Your flesh is heat resistant. (rF+)))
You have an increased reservoir of magic. (+10% MP)
You are very weak. (Str -4)


Message History

The orc completely misses you.
The orc hits you with a +0 short sword of freezing.
The orc freezes you. The orc closely misses you.
You are too injured to fight recklessly!
You are too injured to fight recklessly!
You are too injured to fight recklessly!
You are too injured to fight recklessly!
The orc hits you with a +0 flail. The orc completely misses you.
The orc closely misses you. The orc barely misses you.
You climb upwards.
There is a stone staircase leading down here.
You barely miss the orc. The orc misses you. The orc barely misses you. x3
You bite the orc!
The orc is poisoned.
The orc is almost dead.
The orc completely misses you. x4
You barely miss the orc.
The orc is almost dead.
You kill the orc!
The orc closely misses you. The orc completely misses you.
The orc barely misses you. The orc completely misses you.
Items here: )) ††.
You hit the orc.
The orc is poisoned.
The orc is heavily wounded.
Your transformation is almost over.
The orc completely misses you. The orc hits you with a +0 war axe.
You hit the orc but do no damage. The orc completely misses you.
You hit the orc but do no damage. The orc hits you with a +0 war axe.
The orc misses you.
You hit the orc but do no damage.
The orc is poisoned.
The orc misses you. The orc barely misses you.
You hit the orc but do no damage.
The orc looks even sicker.
The orc hits you with a +0 war axe!
* * * LOW HITPOINT WARNING * * *
The orc hits you with a +0 flail!
* * * LOW HITPOINT WARNING * * *
You hit the orc.
The orc is moderately wounded.
The orc hits you with a +0 war axe.
You die...

##..### ######....#..##
##...## #......... ###..##
#.#####.## #######..##
##.# #.## #...# ##..# #..#
#..# ###.## ##.#####.##
##.# #..####.......# #.#
##....###..###### #.#
####.soo.......#####..
###o...........###.
####...########...###.
#####....############)##..
####.....####
#.............. #.....####
#............#. #.....#
#.........##.## #....[#
#.........##.## #.....#
#############..


You could see 3 orcs.

Vanquished Creatures
  An orc priest (D:3)
  A bullfrog skeleton (D:3)
  2 orc wizards (D:3)
  3 gnolls (D:3)
  3 adders
  2 worms (D:2)
  A dart slug (D:1)
  14 orcs
  4 ball pythons
  6 endoplasms
  A giant cockroach (D:1)
  6 goblins
  5 hobgoblins
  6 jackals (D:1)
  2 kobolds (D:1)
  2 quokkas
  A bat (D:1)
  3 frilled lizards (D:1)
  A rat (D:3)
64 creatures vanquished.

Notes
Turn   | Place    | Note
-------+----------+-------------------------------------------
     0 | D:1      | kae the Draconian Transmuter began the quest for the Orb.
     0 | D:1      | Reached XP level 1. HP: 16/16 MP: 3/3
   212 | D:1      | Reached XP level 2. HP: 23/23 MP: 5/5
   781 | D:1      | Found a faded altar of an unknown god.
  1052 | D:1      | Reached XP level 3. HP: 15/28 MP: 4/6
  1595 | D:2      | Learned a level 3 spell: Spider Form
  2536 | D:3      | Gained mutation: Your flesh is heat resistant. (rF+)
                  | [potion of mutation]
  2536 | D:3      | Gained mutation: You are weak. (Str -2) [potion of
                  | mutation]
  2536 | D:3      | Gained mutation: You are very weak. (Str -4) [potion of
                  | mutation]
  2536 | D:3      | Gained mutation: You have an increased reservoir of magic.
                  | (+10% MP) [potion of mutation]
  2981 | D:3      | Reached XP level 4. HP: 36/36 MP: 4/8
  3192 | D:2      | Reached skill level 1 in Poison Magic
  3748 | D:3      | Reached XP level 5. HP: 2/41 MP: 6/9
  4152 | D:3      | Reached skill level 4 in Unarmed Combat
  4497 | D:3      | Found a stormy altar of Qazlal.
  5011 | D:3      | HP: 2/41 [orc (7)]
  5012 | D:3      | Slain by an orc

Illustrated notes

Levels and vault maps discovered:
D:1:      grunt_arrival_lava_bath, layout_basic, ebering_ecumenical_altar_hall
D:2:      layout_basic
D:3:      layout_rooms, nicolae_qazlal_eye_of_the_storm
D:4:      layout_cave_pools, mainiacjoe_overflow_paths, uniq_blork_the_orc

Skill      XL: |  1  2  3  4  5 |
---------------+----------------+-----
Dodging        | 2 |  2.4
Poison Magic   | 1 2 |  2.0
Transmutations | 3 |  3.5
Fighting       | 2 |  2.2
Unarmed Combat | 4 |  4.2
Spellcasting   | |  2.6

Action                   |  1- 3 |  4- 6 || total
-------------------------+-------+-------++-------
Melee: Unarmed           |    97 |   142 ||   239
       Kick              |    18 |     9 ||    27
       Tailslap          |     8 |     6 ||    14
       Headbutt          |    12 |    10 ||    22
       Punch             |     2 |     5 ||     7
 Cast: Beastly Appendage |    28 |     8 ||    36
       Spider Form       |     1 |     8 ||     9
  Use: Potion            |     4 |     1 ||     5
       Scroll            |     4 |     1 ||     5
 Stab: Sleeping          |     1 |       ||     1
Armor: Skin              |    41 |    29 ||    70
Dodge: Dodged            |    88 |   118 ||   206

Table legend: (Time is in decaauts)
 A = Elapsed time spent in this place.
 B = Non-inter-level travel time spent in this place.
 C = Inter-level travel time spent in this place.
 D = Time resting spent in this place.
 E = Time spent auto-exploring this place.
 F = Levels seen in this place.
 G = Mean time per level.
                   A        B        C        D        E       F      G
               +--------+--------+--------+--------+--------+-----+--------+
         Total |   5002 |   4881 |    121 |   1260 |   2948 |   4 | 1250.5 |
       Dungeon |   5002 |   4881 |    121 |   1260 |   2948 |   4 | 1250.5 |
               +--------+--------+--------+--------+--------+-----+--------+

Top non-repeatable levels by time:
     D:2: 1894 daAuts
     D:3: 1608 daAuts
     D:1: 1464 daAuts
     D:4: 35 daAuts
